AoeStats
← BarroZo

Golden Pit

513665101Analyzed
4v4 RM · 4d ago on Oct 14, 2026· 72m 16s· 8 players
Game mode
Random Map
Map size
Large (8 player)
Population
200
Speed
Normal
Resources
Standard
Victory
Conquest
Starting age
Dark Age
Ending age
Imperial Age
RankedLock teamsTeams togetherTeam positionsShared explorationLock speedFull tech treeHidden civsTurbo modeCheats
Victory
Defeat
🇫🇷 Bohemians · France
959
+12
🇫🇷 Tatars · France
897
+15
🇫🇷 Georgians · France
862
+16
🇫🇷 Romans · France
848
+17
vs
🇵🇹 Goths · Portugal
919
-16
🇷🇺 Britons · Russia
885
-16
🇷🇺 Byzantines · Russia
840
-14
🇲🇩 Gurjaras · Moldova
839
-14
BarroZo
0:41 Loom
15:09 Feudal Age
19:32 Castle Age
17:31 Horse Collar
18:05 Double-Bit Axe
23:26 Heavy Plow
23:40 Bow Saw
23:24 Gold Mining
28:23 Wheelbarrow
30:23 Imperial Age
27:27 Man-at-Arms
28:08 Squires
28:11 Scale Mail Armor
28:04 Long Swordsman
29:07 Chain Mail Armor
29:03 Forging
31:20 Iron Casting
32:00 Two-Handed Swordsman
33:44 Blast Furnace
33:37 Conscription
32:44 Champion
37:45 Hand Cart
37:15 Town Watch
Melorizz
10:27 Feudal Age
10:55 Loom
11:12 Horse Collar
11:19 Double-Bit Axe
14:25 Wheelbarrow
20:15 Castle Age
22:20 Hand Cart
22:43 Stone Mining
22:56 Heavy Plow
23:09 Bow Saw
23:34 Gold Mining
36:30 Imperial Age
34:58 Forging
37:39 Ballistics
38:06 Elite Chakram Thrower
39:09 Conscription
39:38 Siege Elephant
41:56 Iron Casting
41:22 Scale Mail Armor
54:58 Chain Mail Armor
Ciayga
4:28 Loom
9:29 Feudal Age
16:12 Castle Age
15:14 Stone Mining
20:17 Padded Archer Armor
20:19 Gold Mining
25:55 Horse Collar
32:35 Wheelbarrow
32:26 Pikeman
33:06 Squires
39:01 Imperial Age
37:00 Hand Cart
38:05 Man-at-Arms
41:04 Fletching
41:30 Leather Archer Armor
41:15 Scale Mail Armor
41:25 Forging
41:05 Long Swordsman
42:45 Heavy Plow
42:34 Double-Bit Axe
42:40 Two-Handed Swordsman
42:41 Halberdier
43:55 Masonry
46:41 Ballistics
46:52 Architecture
47:09 Gold Shaft Mining
46:30 Champion
47:31 Bodkin Arrow
48:06 Ring Archer Armor
47:53 Chain Mail Armor
48:13 Iron Casting
47:55 Crossbowman
50:10 Yeomen
49:46 Arbalester
52:24 Bow Saw
52:23 Bracer
53:26 Plate Mail Armor
53:23 Elite Longbowman
58:05 Blast Furnace
57:03 Town Watch
59:54 Two-Man Saw
MARCO
0:30 Loom
10:12 Feudal Age
10:42 Double-Bit Axe
11:30 Horse Collar
19:09 Castle Age
18:00 Forging
18:10 Fletching
19:04 Gold Mining
21:24 Squires
22:12 Wheelbarrow
21:54 Pikeman
23:19 Bodkin Arrow
25:52 Bow Saw
26:26 Gambesons
27:10 Hand Cart
27:44 Scale Mail Armor
33:59 Imperial Age
35:27 Conscription
35:58 Murder Holes
35:45 Halberdier
37:34 Scale Barding Armor
40:52 Crossbowman
41:13 Elite Skirmisher
43:27 Bracer
43:29 Padded Archer Armor
45:56 Two-Man Saw
45:38 Ballistics
48:02 Leather Archer Armor
51:19 Ring Archer Armor
51:06 Thumb Ring
51:23 Heavy Plow
52:19 Caravan
54:32 Iron Casting
54:12 Chain Mail Armor
54:19 Chain Mail Armor
57:38 Chemistry
57:19 Crop Rotation
58:15 Plate Mail Armor
64:08 Caravan
65:06 Gold Shaft Mining
69:09 Elite Varangian Guard
Fauston
13:01 Feudal Age
18:34 Castle Age
19:20 Light Cavalry
20:01 Husbandry
20:18 Bloodlines
20:09 Man-at-Arms
21:48 Squires
21:20 Long Swordsman
28:32 Scale Mail Armor
29:36 Scale Barding Armor
29:42 Forging
40:35 Elite Skirmisher
44:11 Iron Casting
48:20 Chain Barding Armor
53:27 Imperial Age
53:21 Wheelbarrow
53:46 Cavalier
62:34 Capped Ram
Artorius
8:00 Loom
11:10 Feudal Age
12:01 Double-Bit Axe
13:45 Horse Collar
17:50 Castle Age
16:39 Scale Mail Armor
16:53 Scale Barding Armor
16:59 Forging
17:03 Gold Mining
17:47 Stone Mining
17:23 Man-at-Arms
18:40 Long Swordsman
19:20 Squires
22:56 Bow Saw
26:04 Scale Mail Armor
26:37 Horse Collar
35:09 Imperial Age
33:30 Gold Shaft Mining
34:40 Chain Mail Armor
36:30 Wheelbarrow
35:51 Capped Ram
36:48 Legionary
39:23 Conscription
40:40 Murder Holes
41:40 Iron Casting
43:30 Comitatenses
45:16 Hand Cart
44:47 Town Watch
45:07 Caravan
47:38 Masonry
48:31 Blast Furnace
48:41 Heavy Plow
49:03 Heavy Scorpion
54:01 Husbandry
Valgrin
11:30 Feudal Age
12:56 Loom
13:03 Double-Bit Axe
17:14 Castle Age
20:33 Bow Saw
22:07 Wagenburg Tactics
25:31 Wheelbarrow
28:51 Chemistry
28:24 Horse Collar
29:09 Murder Holes
31:00 Fortified Wall
31:00 Caravan
31:43 Hand Cart
32:11 Forging
32:02 Scale Mail Armor
35:15 Imperial Age
33:52 Iron Casting
35:21 Chain Mail Armor
35:13 Scale Barding Armor
35:35 Capped Ram
36:38 Conscription
36:33 Squires
36:18 Arson
35:55 Pikeman
38:54 Man-at-Arms
39:54 Long Swordsman
41:25 Two-Handed Swordsman
45:32 Champion
55:23 Houfnice
Alex
12:13 Feudal Age
10:32 Loom
12:17 Feudal Age
13:09 Horse Collar
19:39 Castle Age
21:18 Forging
21:14 Scale Barding Armor
20:58 Double-Bit Axe
21:16 Heavy Plow
24:13 Bow Saw
28:41 Fletching
28:51 Padded Archer Armor
30:12 Bloodlines
30:02 Husbandry
30:40 Iron Casting
32:17 Chain Barding Armor
31:53 Bodkin Arrow
32:13 Leather Archer Armor
34:49 Ballistics
44:01 Imperial Age
46:39 Chemistry
45:06 Heavy Cavalry Archer
48:49 Silk Armor
56:36 Conscription
62:22 Bracer
62:53 Ring Archer Armor
63:23 Blast Furnace
62:59 Plate Barding Armor
Connection lost

Rejoining the realm…

Still unreachable

The connection could not be restored.

Session expired

The server has moved on; the page needs a fresh start.